 Dungeon Crawl Stone Soup version 0.23.2-1-ga50397a6bc (webtiles) character file.

Game seed: 9474311165329197256

8418 BorisKarlOrff the Spear-Bearer (level 11, -10/97 HPs)
             Began as a Minotaur Chaos Knight on May 26, 2019.
             Was a Plaything of Xom.
             Killed by refrigeration
             ... invoked by Fannar
              (21 damage)
             ... on level 1 of the Lair of Beasts.
             The game lasted 00:34:22 (9304 turns).

BorisKarlOrff the Spear-Bearer (MiCK)               Turns: 9304, Time: 00:34:52

Health: -10/97     AC: 21    Str: 17    XL:     11   Next: 9%
Magic:  10/10      EV:  6    Int: 15    God:    Xom [...*..]
Gold:   1270       SH: 11    Dex: 13    Spells: 10/10 levels left

rFire    . . .     SeeInvis .   a - +4 spear (chaos)
rCold    . . .     Gourm    .   e - +0 shield
rNeg     . . .     Faith    .   g - +2 plate armour
rPois    .         Spirit   .   (helmet restricted)
rElec    .         Reflect  .   z - +0 cloak
rCorr    +         Harm     .   (no gloves)
MR       .....                  k - +2 pair of boots
Stlth    ..........             n - amulet of magic regeneration
HPRegen  0.26/turn              p - ring of resist corrosion
MPRegen  0.37/turn              q - +6 ring of intelligence

@: very slightly contaminated
A: retaliatory headbutt, horns 2, MP-powered wands
a: Renounce Religion


You were on level 1 of the Lair of Beasts.
You worshipped Xom.
You were a favourite toy of Xom.
You were full.

You visited 2 branches of the dungeon, and saw 11 of its levels.

You collected 1270 gold pieces.

Inventory:

Hand Weapons
 a - a +4 spear of chaos (weapon)
Armour
 e - a +0 shield (worn)
 g - a +2 plate armour (worn)
 k - a +2 pair of boots (worn)
 z - a +0 cloak (worn)
Jewellery
 n - an amulet of magic regeneration (around neck)
 p - a ring of resist corrosion (left hand)
 q - a +6 ring of intelligence (right hand)
 r - an uncursed amulet of guardian spirit
 v - a +2 amulet of reflection
Wands
 b - a wand of enslavement (11)
 l - a wand of iceblast (11)
 t - a wand of random effects (6)
 x - a wand of polymorph (10)
Scrolls
 d - a scroll of identify
 f - 6 scrolls of teleportation
 h - a scroll of blinking
 m - 2 scrolls of fog
 s - 3 scrolls of remove curse
 y - a scroll of fear
 A - 3 scrolls of magic mapping
Potions
 i - 2 potions of curing
 j - a potion of brilliance
 o - 3 potions of agility
 u - a potion of mutation
 w - a potion of flight
Comestibles
 c - 12 rations


   Skills:
 + Level 9.0 Fighting
 + Level 11.8 Polearms
 + Level 10.3 Armour
 + Level 3.1 Dodging
 + Level 4.0 Stealth
 + Level 8.9 Shields
 + Level 0.5 Evocations


You had 10 spell levels left.
You didn't know any spells.
Your spell library contained the following spells:

 Spells                   Type           Power        Failure   Level  Hunger
 Magic Dart               Conj           #...         100%        1    ##.....
 Searing Ray              Conj           #.....       100%        2    ###....
 Dazzling Spray           Conj/Hex       #.....       100%        3    ####...
 Force Lance              Conj/Tloc      #.......     100%        4    #####..
 Fulminant Prism          Conj/Hex       #.........   100%        4    #####..
 Iskenderun's Mystic Bla  Conj           #.......     100%        4    #####..


Dungeon Overview and Level Annotations

Branches:
Dungeon (10/15)            Temple (0/1) D:7            Lair (1/6) D:9
    Orc: D:9-12

Altars:
Ashenzari
Cheibriados
Makhleb
Nemelex Xobeh
Qazlal
Wu Jian
Xom
Zin

Shops:
D:8 =

Annotations:
Lair:1 Fannar


Innate Abilities, Weirdness & Mutations

You reflexively headbutt those who attack you in melee.
You have a pair of horns on your head.
You expend magic power (3 MP) to strengthen your wands.


Message History

* * * LOW HITPOINT WARNING * * *
You hit Fannar. Your headbutt misses Fannar.
Fannar is lightly wounded.
You hit Fannar.
Fannar looks as sick as possible!
Fannar is moderately wounded.
Fannar casts a spell.
You hit Fannar but do no damage.
Fannar seems to slow down.
Fannar is moderately wounded.
You hit Fannar. You drain Fannar. Your headbutt misses Fannar.
Fannar is heavily wounded.
The ice beast barely misses you.
Blink to where?
Press: ? - help, Dir - move target cursor, p - Fannar You are very lightly contaminated with residual magic.
As you read the scroll of blinking, it crumbles to dust.
Fannar gestures wildly while chanting.
Fannar drains the heat from the surrounding environment!
You feel very cold.
You die...
Xom guffaws!

###.......#.##
#.....##.....##
##.....P##.....##
##......##.#.....## .
###........###......#
..##........#####......#
........#...# #P......#
..#(...#....# ##.......
.......@...## #.......
............# #.......
.#. .###.......##
#.....## .... ###......#
#.....## #... ##....Y.##
#.....## ..# #.....ยง..#
##...### ##..#
#.....e..# ##...#
#..#### #........#
#.#.## ..##..##
#........# ##.###


You could see Fannar and an ice beast.

Vanquished Creatures
  Joseph (D:7)
  Maurice (D:8)
  4 spiny frogs (Lair:1)
  A yaktaur (shapeshifter) (D:10)
  A wind drake (shapeshifter) (D:9)
  A shapeshifter (D:7)
  A spriggan (Lair:1)
  4 yaks (Lair:1)
  A basilisk (D:8)
  2 hogs (D:8)
  3 hungry ghosts
  Eustachio (D:4)
  A steam dragon (D:10)
  2 insubstantial wisps (D:10)
  A warg (D:6)
  A porcupine (Lair:1)
  An ice beast (D:10)
  7 sky beasts
  An eye of draining (D:10)
  3 orc warriors
  A phantom (D:8)
  A black bear (D:10)
  4 ogres
  3 centaurs
  A crocodile (Lair:1)
  A big kobold (D:9)
  2 bullfrogs
  Blork the orc (D:4)
  A wyvern zombie (D:7)
  2 scorpions
  7 wights
  4 howler monkeys
  A quasit (D:6)
  A crimson imp (D:6)
  2 bullfrog zombies
  4 hounds
  A bullfrog skeleton (D:8)
  An orc priest (D:9)
  3 orc wizards
  A centaur skeleton (D:5)
  4 worker ants
  A killer bee zombie (D:8)
  4 gnolls (D:3)
  8 adders
  An adder zombie (D:6)
  2 adder skeletons (D:7)
  3 dart slugs
  4 leopard geckos
  17 orcs
  3 giant cockroaches
  7 goblins
  9 hobgoblins
  14 jackals
  5 quokkas
  4 ball pythons
  6 bats
  4 frilled lizards
  A jackal skeleton (D:8)
  14 kobolds
  7 rats
198 creatures vanquished.

Vanquished Creatures (collateral kills)
  2 hogs (D:8)
  A human (D:8)
  Menkaure (D:6)
  An adder (D:7)
5 creatures vanquished.

Vanquished Creatures (others)
  A howler monkey (D:9)
1 creature vanquished.

Grand Total: 204 creatures vanquished

Notes
Turn   | Place    | Note
-------+----------+-------------------------------------------
     0 | D:1      | BorisKarlOrff the Minotaur Chaos Knight began the quest for
                  | the Orb.
     0 | D:1      | Reached XP level 1. HP: 19/19 MP: 0/0
   234 | D:1      | XOM: silly message
   235 | D:1      | Reached skill level 4 in Polearms
   264 | D:1      | XOM: potion effect (heal wounds)
   313 | D:1      | Reached XP level 2. HP: 27/27 MP: 1/1
   458 | D:1      | XOM: divination: detect creatures
   832 | D:2      | Reached XP level 3. HP: 33/33 MP: 2/2
   846 | D:2      | Found a shattered altar of Ashenzari.
   951 | D:2      | Found a burning altar of Makhleb.
  1096 | D:2      | XOM: silly message
  1258 | D:2      | XOM: divination: detect items
  1356 | D:2      | XOM: silly message
  1387 | D:2      | Found a faded altar of an unknown god.
  1491 | D:2      | Noticed a scorpion
  1501 | D:2      | Killed a scorpion
  1501 | D:2      | Reached skill level 5 in Polearms
  1501 | D:2      | Reached XP level 4. HP: 29/41 MP: 3/3
  1806 | D:3      | XOM: noise
  1858 | D:3      | Reached XP level 5. HP: 47/47 MP: 4/4
  1906 | D:3      | XOM: cloud trail
  1920 | D:3      | XOM: noise
  1940 | D:3      | XOM: noise
  1994 | D:3      | XOM: 7-stop teleportation journey
  2043 | D:3      | XOM: cast spell 'Cause Fear'
  2078 | D:3      | XOM: cloud trail
  2153 | D:3      | XOM: god gift: 54 gold pieces
  2338 | D:3      | XOM: mild Erth miscast
  2368 | D:3      | Found a glowing silver altar of Zin.
  2603 | D:4      | Reached skill level 5 in Fighting
  2603 | D:4      | Reached skill level 6 in Polearms
  2603 | D:4      | Reached skill level 1 in Stealth
  2603 | D:4      | Reached XP level 6. HP: 56/56 MP: 5/5
  2848 | D:4      | Found a sparkling altar of Nemelex Xobeh.
  2848 | D:4      | Found a snail-covered altar of Cheibriados.
  3041 | D:5      | Entered Level 5 of the Dungeon
  3041 | D:5      | Noticed an orc warrior
  3041 | D:5      | Noticed Blork the orc
  3043 | D:5      | Noticed Eustachio
  3046 | D:5      | Noticed an orc warrior
  3063 | D:4      | XOM: chaos upgrade
  3078 | D:4      | XOM: scenery: create altars
  3088 | D:4      | Killed an orc warrior
  3100 | D:4      | Killed Blork the orc
  3244 | D:4      | XOM: scenery: create altars
  3373 | D:4      | XOM: cast spell 'Leda's Liquefaction'
  3395 | D:4      | Killed Eustachio
  3395 | D:4      | Reached skill level 7 in Polearms
  3395 | D:4      | Reached skill level 5 in Armour
  3395 | D:4      | Reached skill level 1 in Shields
  3395 | D:4      | Reached XP level 7. HP: 57/61 MP: 6/6
  3984 | D:5      | XOM: god gift: 590 gold pieces
  4018 | D:6      | XOM: fog
  4020 | D:6      | XOM: medium Erth miscast
  4048 | D:6      | Reached XP level 8. HP: 58/70 MP: 7/7
  4342 | D:6      | Reached skill level 8 in Polearms
  4569 | D:6      | XOM: god gift: ration
  4607 | D:6      | XOM: give mutation
  4607 | D:6      | Gained mutation: You expend magic power (3 MP) to
                  | strengthen your wands. [Xom's grace]
  4638 | D:6      | Noticed Menkaure
  4644 | D:6      | XOM: polymorph bullfrog -> sky beast
  4646 | D:6      | Killed Menkaure
  4712 | D:6      | XOM: 6-stop teleportation journey
  4986 | D:6      | XOM: polymorph sky beast -> warg
  5041 | D:6      | XOM: cloud trail
  5364 | D:6      | XOM: god gift: amulet of magic regeneration {god gift}
  5427 | D:6      | XOM: god gift: agate ring {god gift}
  5452 | D:7      | Noticed Joseph
  5459 | D:7      | XOM: summons 2 friendly demons
  5466 | D:7      | Killed Joseph
  5485 | D:7      | Reached skill level 5 in Shields
  5504 | D:7      | XOM: enchant monster (bad)
  5520 | D:7      | Noticed a shapeshifter
  5520 | D:7      | a hound changed into a shapeshifter
  5520 | D:7      | Killed a shapeshifter
  5520 | D:7      | Reached skill level 9 in Polearms
  5520 | D:7      | Reached XP level 9. HP: 31/78 MP: 8/8
  5891 | D:7      | Found a staircase to the Ecumenical Temple.
  6095 | D:7      | XOM: summons 2 hostile demons
  6096 | D:7      | Noticed an ice devil
  6396 | D:8      | XOM: stealth player
  6437 | D:8      | Found Acrab's Jewellery Shop.
  6508 | D:8      | XOM: medium Erth miscast
  6551 | D:8      | Found an ornate altar of the Wu Jian Council.
  6551 | D:8      | XOM: polymorph black bear -> basilisk
  6560 | D:8      | XOM: summons friendly shadow imp
  6576 | D:8      | XOM: medium Summ miscast
  6819 | D:8      | XOM: scenery: 1 doors close
  6831 | D:8      | Reached skill level 10 in Polearms
  6834 | D:8      | XOM: summons 7 friendly demons
  6901 | D:8      | Noticed Maurice
  6910 | D:8      | Killed Maurice
  6989 | D:9      | XOM: divine lightning
  6992 | D:9      | XOM: 5-stop teleportation journey
  7106 | D:9      | Reached XP level 10. HP: 81/88 MP: 9/9
  7273 | D:9      | Found a staircase to the Lair.
  7358 | D:9      | Found a stormy altar of Qazlal.
  7446 | D:9      | XOM: 5-stop teleportation journey
  7659 | D:9      | Noticed a harpy
  7659 | D:9      | a polar bear changed into a harpy
  7663 | D:9      | a harpy changed into a wind drake
  7804 | D:10     | Entered Level 10 of the Dungeon
  7821 | D:10     | XOM: polymorph howler monkey -> boggart
  7822 | D:10     | XOM: polymorph boggart -> shapeshifter
  7834 | D:10     | XOM: confuse monster(s)
  7896 | D:10     | XOM: potion effect (haste)
  7913 | D:10     | XOM: 1-stop teleportation journey
  7923 | D:10     | Reached skill level 11 in Polearms
  7932 | D:10     | XOM: confuse monster(s)
  7960 | D:10     | XOM: scenery: create altars
  7963 | D:10     | XOM: potion effect (might)
  7964 | D:10     | XOM: enchant monster (bad)
  7965 | D:10     | XOM: confuse monster(s)
  7990 | D:10     | XOM: divination: magic mapping
  8008 | D:10     | XOM: cleaving
  8138 | D:10     | XOM: cleaving
  8140 | D:10     | XOM: confuse monster(s)
  8143 | D:10     | XOM: god gift: 16 bolts
  8213 | D:10     | XOM: divination: detect items
  8386 | D:10     | XOM: harmless Ice miscast
  8393 | D:10     | XOM: scenery: create altars
  8673 | Lair:1   | Entered Level 1 of the Lair of Beasts
  8688 | Lair:1   | Noticed a spiny frog
  8709 | Lair:1   | Killed a spiny frog
  8731 | Lair:1   | Noticed a spiny frog
  8737 | Lair:1   | XOM: cast spell 'Disjunction'
  8746 | Lair:1   | XOM: confuse monster(s)
  8761 | Lair:1   | XOM: polymorph yak -> spriggan
  8763 | Lair:1   | XOM: enchant monster (good)
  8768 | Lair:1   | Reached skill level 10 in Armour
  8788 | Lair:1   | Killed a spiny frog
  9146 | Lair:1   | Reached XP level 11. HP: 87/95 MP: 10/10
  9147 | Lair:1   | XOM: confusion (+ monsters)
  9291 | Lair:1   | Noticed Fannar
  9304 | Lair:1   | Killed from afar by Fannar

Skill      XL: |  1  2  3  4  5  6  7  8  9 10 11 |
---------------+----------------------------------+-----
Polearms       | 4 5 6 7 9 10 11 | 11.8
Fighting       | 4 5 6 8 9 |  9.0
Armour         | 3 4 5 7 8 10 | 10.3
Stealth        | 1 2 3 4 |  4.0
Dodging        | 2 3 |  3.1
Shields        | 1 3 5 6 8 |  8.9
Evocations     | |  0.5

Action                   |  1- 3 |  4- 6 |  7- 9 | 10-12 || total
-------------------------+-------+-------+-------+-------++-------
Melee: Spear             |   106 |   230 |   357 |   261 ||   954
       Headbutt          |    11 |    23 |    69 |    56 ||   159
Evoke: Wand              |       |       |     4 |     1 ||     5
  Use: Scroll            |     2 |    16 |     9 |     6 ||    33
       Potion            |       |     5 |     1 |     1 ||     7
 Stab: Confused          |       |     2 |       |     4 ||     6
       Petrified         |       |       |     2 |       ||     2
       Paralysed         |       |       |     4 |     1 ||     5
       Petrifying        |       |       |     2 |       ||     2
       Sleeping          |       |       |     1 |       ||     1
  Eat: Ration            |     2 |     2 |     2 |     7 ||    13
Armor: Leather armour    |     3 |       |       |       ||     3
       Scale mail        |    55 |    31 |       |       ||    86
       Chain mail        |       |    53 |       |       ||    53
       Plate armour      |       |   105 |   234 |   113 ||   452
Dodge: Dodged            |    66 |    75 |    38 |    26 ||   205
Block: Shield            |       |    48 |   139 |    83 ||   270
